 Dungeon Crawl Stone Soup version 0.21.1-1-g345015fe64 (webtiles) character file.

135 Mrkan the Skirmisher (level 4, -6/37 HPs)
             Began as a Demonspawn Fighter on May 6, 2018.
             Killed by nerve-wracking pain
             ... invoked by a shadow imp
             ... summoned by Natasha
              (11 damage)
             ... on level 3 of the Dungeon.
             The game lasted 00:04:55 (2871 turns).

Mrkan the Skirmisher (Demonspawn Fighter)           Turns: 2871, Time: 00:04:56

Health: -6/37      AC:  7    Str: 17    XL:     4   Next: 97%
Magic:  0/4        EV:  9    Int: 10    God:
Gold:   113        SH:  0    Dex: 12    Spells: 3/3 levels left

rFire    . . .     SeeInvis .   j - +0 great mace
rCold    . . .     Gourm    .   (shield currently unavailable)
rNeg     . . .     Faith    .   b - +0 scale mail
rPois    .         Spirit   +   (no helmet)
rElec    .         Reflect  .   (no cloak)
rCorr    .         Harm     .   (no gloves)
MR       .....                  (no boots)
Stlth    +.........             (no amulet)
HPRegen  0.12/turn              (no ring)
MPRegen  0.18/turn              (no ring)

@: no status effects
A: nightstalker 1, magic shield, magic regeneration
a: no special abilities


You were on level 3 of the Dungeon.
You were not hungry.

You visited 1 branch of the dungeon, and saw 3 of its levels.

You collected 113 gold pieces.

Inventory:

Hand Weapons
 a - a +0 flail
 j - a +0 great mace (weapon)
Armour
 b - a +0 scale mail (worn)
 c - a +0 shield
Jewellery
 h - an uncursed ring of positive energy {unknown}
Wands
 n - a wand of iceblast (8)
Scrolls
 e - a scroll of teleportation {unknown}
 g - 2 scrolls of remove curse {unknown}
 i - a scroll of identify {unknown}
 m - a scroll of magic mapping {unknown}
Potions
 d - a potion of might
 k - 3 potions of lignification {unknown}
 l - a potion of curing {unknown}
Comestibles
 f - 5 rations
 o - a chunk of flesh


   Skills:
 + Level 4.0 Fighting
 + Level 3.1 Maces & Flails
 + Level 3.7 Armour
 - Level 2.6 Shields


You had 3 spell levels left.
You didn't know any spells.

Dungeon Overview and Level Annotations

Branches:
Dungeon (3/15)

Altars:

Annotations:
D:3 Natasha


Innate Abilities, Weirdness & Mutations

You are slightly more attuned to the shadows.
When hurt, damage is shared between your health and your magic reserves.
You regenerate magic rapidly.


Message History

The shadow imp hits you.
You hit the shadow imp.
The shadow imp is heavily wounded.
The shadow imp hits you. The shadow imp gestures at you.
Pain shoots through your body!
* * * LOW HITPOINT WARNING * * *
You hit the shadow imp.
The shadow imp is severely wounded.
Natasha wildly gestures.
Natasha shimmers violently.
The shadow imp hits you.
* * * LOW HITPOINT WARNING * * *
You barely miss the shadow imp.
The shadow imp is severely wounded.
The shadow imp disappears in a puff of smoke!
The shadow imp hits you but does no damage.
Natasha mumbles some strange words.
The shadow imp gestures at you. Pain shoots through your body!
You die...

#
#.#.#.##..##
#.#<#.##...#
..#.#.##.#.#
###.# #.#.#
..# #.#.#
### #.#.#
#.#.# #.#.#
#@# #5# #h#
......5#
......5#
...[...#
.......#
.......#
..(....#


You could see Natasha, 2 white imps and a shadow imp.

Vanquished Creatures
  Natasha (D:3)
  Robin (D:2)
  2 adders (D:2)
  A worm (D:2)
  3 dart slugs (D:1)
  3 leopard geckos
  5 giant cockroaches
  10 goblins
  8 hobgoblins
  8 jackals
  2 ball pythons (D:2)
  7 bats
  4 frilled lizards
  6 kobolds
  7 rats
68 creatures vanquished.

Notes
Turn   | Place    | Note
-------+----------+-------------------------------------------
     0 | D:1      | Mrkan the Demonspawn Fighter began the quest for the Orb.
     0 | D:1      | Reached XP level 1. HP: 18/18 MP: 1/1
    69 | D:1      | Gained mutation: When hurt, damage is shared between your health and your magic reserves. [demonic ancestry]
    69 | D:1      | Reached XP level 2. HP: 4/24 MP: 2/2
   800 | D:1      | Gained mutation: You are slightly more attuned to the shadows. [demonic ancestry]
   800 | D:1      | Reached XP level 3. HP: 15/29 MP: 1/3
  1956 | D:2      | Gained mutation: You regenerate magic rapidly. [demonic ancestry]
  1956 | D:2      | Reached XP level 4. HP: 31/37 MP: 1/4
  2326 | D:2      | Noticed Robin
  2334 | D:2      | Killed Robin
  2820 | D:3      | Noticed Natasha
  2831 | D:3      | Killed Natasha
  2831 | D:3      | Reached skill level 4 in Fighting
  2855 | D:3      | Noticed Natasha
  2871 | D:3      | Killed from afar by a shadow imp

Skill      XL: |  1  2  3  4 |
---------------+-------------+-----
Maces & Flails | 2 3 |  3.1
Armour         | 3 |  3.7
Fighting       | 4 |  4.0
Shields        | |  2.6

Action                   |  1- 3 |  4- 6 || total
-------------------------+-------+-------++-------
Melee: Flail             |   210 |    85 ||   295
       Great mace        |       |    20 ||    20
  Eat: Chunk             |     4 |     3 ||     7
Armor: Scale mail        |   124 |    55 ||   179
Dodge: Dodged            |    68 |    37 ||   105
Block: Shield            |   103 |    62 ||   165
